 Dungeon Crawl Stone Soup version 0.28.0-53-g5a82cb258f (webtiles) character file.

Game seed: 6366393517229912715

12 cbfl8 the Chopper (level 2, -4/40 HPs)
             Began as a Minotaur Berserker on July 27, 2022.
             Was a Follower of Trog.
             Slain by a gnoll
             ... wielding a +0 club
              (7 damage)
             ... on level 2 of the Dungeon.
             The game lasted 00:00:58 (946 turns).

cbfl8 the Chopper (Minotaur Berserker)               Turns: 946, Time: 00:00:59

Health: -4/40      AC:  2    Str: 21    XL:     2   Next: 20%
Magic:  1/1        EV: 12    Int:  4    God:    Trog [*.....]
Gold:   13         SH:  0    Dex:  9    Spells: 1/1 levels left

rFire   . . .      SeeInvis .   a - +0 hand axe
rCold   . . .      Faith    .   (no shield)
rNeg    . . .      Spirit   .   b - +0 animal skin
rPois   .          Reflect  .   (helmet restricted)
rElec   .          Harm     .   (no cloak)
rCorr   .          Rampage  .   (no gloves)
Will    .....                   (no boots)
Stlth   ..........              (no amulet)
HPRegen 0.13/turn               (no ring)
MPRegen 0.07/turn               (no ring)

@: berserking, very quick
A: horns 2, retaliatory headbutt
a: Renounce Religion, Berserk


You were on level 2 of the Dungeon.
You worshipped Trog.
Trog was aware of your devotion.
You visited 1 branch of the dungeon, and saw 2 of its levels.

You collected 13 gold pieces.

Inventory:

Hand Weapons
 a - a +0 hand axe (weapon)
 g - a +1 mace of pain
Armour
 b - a +0 animal skin (worn)
Scrolls
 d - a scroll of fear
 e - a scroll of fog
Potions
 c - a potion of degeneration
 h - 2 potions of mutation {unknown}


   Skills:
 * Level 4.0 Fighting
 + Level 4.0 Axes
 + Level 2.5 Armour
 * Level 2.3 Dodging


You had one spell level left.
You didn't know any spells.
Your spell library was empty.

Dungeon Overview and Level Annotations

Branches:
Dungeon (2/15)

Altars:

Shops:
D:1 [


Innate Abilities, Weirdness & Mutations

You have a pair of horns on your head.
You reflexively headbutt those who attack you in melee.


Message History

There is an open door here.
There is an escape hatch in the floor here.
You slide downwards.
The hatch slams shut behind you.
Found a scroll labelled TOMAKA CUDOF and a pair of gloves.
Found a stone staircase leading up.
Found a stone staircase leading up.
No target in view! 2 gnolls come into view.
Found an escape hatch in the floor.
The gnoll shouts!
You see here a scroll labelled TOMAKA CUDOF.
A gnoll comes into view. It is wielding a +0 club.
There are monsters nearby!
Found 5 gold pieces.
Found a stone staircase leading down.
A bat comes into view.
The gnoll hits you from afar with a +0 halberd!
You barely miss the gnoll.
The gnoll shouts!
Your headbutt misses the gnoll. The gnoll closely misses you.
The gnoll hits you with a +0 club. The gnoll misses you.
A red film seems to cover your vision as you go berserk!
You feel yourself moving faster!
You feel mighty! The gnoll hits you with a +0 club. The gnoll misses you.
You are too injured to fight recklessly!
Unknown command.
You are too injured to fight recklessly!
Unknown command.
You are too injured to fight recklessly!
Unknown command.
You slash the gnoll!
The gnoll is severely wounded.
You hit the gnoll. You barely miss the bat. The bat hits you.
The gnoll hits you but does no damage.
You barely miss the gnoll.
The gnoll is severely wounded.
You slash the gnoll! The bat hits you but does no damage.
The gnoll hits you from afar with a +0 halberd!
* * * LOW HITPOINT WARNING * * *
The gnoll hits you with a +0 club!
You die...

#####.#.......
...$.......>.
#...........
#.........#
#.........#
#....g...#
#>..g.b..#
#...g@...#### #
#.#......#.. .#
#........#.# ..###
###.#.##?#.###......
................#
##...............#
#..##.#............
#........#.........
#..#..#..#.......[.


You could see 3 gnolls and a bat.

Vanquished Creatures
  2 bats (D:1)
  A giant cockroach (D:1)
  2 hobgoblins (D:1)
  A kobold (D:1)
  2 ball pythons (D:1)
  A frilled lizard (D:1)
  2 rats (D:1)
11 creatures vanquished.

Notes
Turn   | Place    | Note
-------+----------+-------------------------------------------
     0 | D:1      | cbfl8 the Minotaur Berserker began the quest for the Orb.
     0 | D:1      | Reached XP level 1. HP: 19/19 MP: 0/0
   182 | D:1      | Found Pumpask's Antique Armour Shoppe.
   523 | D:1      | Reached XP level 2. HP: 26/27 MP: 1/1
   584 | D:1      | Found a faded altar of an unknown god.
   946 | D:2      | Slain by a gnoll

Illustrated notes

Levels and vault maps discovered:
D:1:      shiori_angband_town, layout_basic,
          hellmonk_ecumenical_altar_arch_garden, serial_shops,
          nicolae_shop_hallway_plus
D:2:      layout_loops_cross

Skill      XL: |  1  2 |
---------------+-------+-----
Axes           | 4 |  4.0
Fighting       | 4 |  4.0
Armour         | |  2.5
Dodging        | |  2.3

Action                   || total
-------------------------++-------
Melee: Hand axe          ||    23
       Headbutt          ||     2
Invok: Berserk           ||     1
  Use: Scroll            ||     3
Armor: Animal skin       ||     6
Dodge: Dodged            ||    24
